AoeStats
← RedPhosphoru

Arabia

508908747Analyzed
2v2 RM · 8d ago on Sep 24, 2026· 24m 28s· 4 players
Game mode
Random Map
Map size
Medium (4 player)
Population
200
Speed
Normal
Resources
Standard
Victory
Conquest
Starting age
Dark Age
Ending age
Imperial Age
RankedLock teamsTeams togetherTeam positionsShared explorationLock speedFull tech treeHidden civsTurbo modeCheats
Victory
Defeat
🇺🇦 Mapuche · Ukraine
1924
+7
🇮🇹 Magyars · Italy
1785
+11
🇺🇸 Persians · United States
1854
-14
🇩🇪 Teutons · Germany
1522
-4
OS+ | 青田龙
5:40 Loom
9:47 Feudal Age
12:31 Double-Bit Axe
15:08 Fletching
18:02 Castle Age
16:50 Gold Mining
18:42 Crossbowman
SalzZ_classicpro
7:23 Loom
11:20 Feudal Age
18:38 Castle Age
17:18 Double-Bit Axe
23:01 Fletching
RedPhosphoru
7:38 Loom
10:20 Feudal Age
14:06 Castle Age
12:41 Double-Bit Axe
18:56 Scale Barding Armor
24:44 Devotion
MatzeAoE
6:42 Loom
Connection lost

Rejoining the realm…

Still unreachable

The connection could not be restored.

Session expired

The server has moved on; the page needs a fresh start.